 Dungeon Crawl Stone Soup version 0.21.1-1-g345015f (webtiles) character file.

581 diana the Chopper (level 7, -7/61 HPs)
             Began as a Minotaur Fighter on June 12, 2018.
             Mangled by Drak's ghost (16 damage)
             ... on level 4 of the Dungeon.
             The game lasted 00:04:08 (3139 turns).

diana the Chopper (Minotaur Fighter)                Turns: 3139, Time: 00:04:09

Health: -7/61      AC:  7    Str: 27    XL:     7   Next: 13%
Magic:  6/6        EV:  8    Int:  5    God:
Gold:   168        SH: 10    Dex: 10    Spells: 6/6 levels left

rFire    . . .     SeeInvis .   a - +0 war axe
rCold    . . .     Gourm    .   c - +0 shield
rNeg     . . .     Faith    .   b - +0 scale mail
rPois    .         Spirit   .   (helmet restricted)
rElec    .         Reflect  .   (no cloak)
rCorr    .         Harm     .   (no gloves)
MR       .....                  (no boots)
Stlth    ..........             (no amulet)
HPRegen  0.20/turn              (no ring)
MPRegen  0.10/turn              (no ring)

@: mighty, lethally poisoned (-7 -> -8)
A: retaliatory headbutt, horns 2
a: no special abilities


You were on level 4 of the Dungeon.
You were very hungry.

You visited 1 branch of the dungeon, and saw 4 of its levels.
You also visited: Sewer.

You collected 168 gold pieces.

Inventory:

Hand Weapons
 a - a +0 war axe (weapon)
Missiles
 r - a throwing net (quivered)
Armour
 b - a +0 scale mail (worn)
 c - a +0 shield (worn)
 y - a +0 leather armour of magic resistance
Wands
 q - a wand of flame (18)
Scrolls
 e - 3 scrolls of magic mapping {unknown}
 h - 8 scrolls of teleportation {unknown}
 j - 2 scrolls of remove curse {unknown}
 l - 2 scrolls of identify {unknown}
 m - 4 scrolls of fog {unknown}
 o - 2 scrolls of blinking {unknown}
 s - a scroll of amnesia {unknown}
 t - a scroll of immolation {unknown}
 v - 2 scrolls of fear {unknown}
 w - a scroll of enchant weapon {unknown}
Potions
 d - 3 potions of might
 g - 3 potions of curing {unknown}
 i - 3 potions of heal wounds {unknown}
 k - 2 potions of mutation {unknown}
 n - a potion of degeneration {unknown}
 p - 2 potions of haste {unknown}
 u - 2 potions of magic {unknown}
 x - a potion of brilliance {unknown}
Comestibles
 f - 8 rations


   Skills:
 + Level 5.4 Fighting
 * Level 6.2 Axes
 + Level 5.4 Armour
 + Level 5.4 Shields


You had 6 spell levels left.
You didn't know any spells.

Dungeon Overview and Level Annotations

Branches:
Dungeon (4/15)
 Temple: D:4-7

Altars:

Shops:
D:4 (

Annotations:
D:4 Drak's ghost, amateur GnSk


Innate Abilities, Weirdness & Mutations

You reflexively headbutt those who attack you in melee.
You have a pair of horns on your head.


Message History

You feel sick.
You feel very mighty all of a sudden.
The worker ant waves its antennae.
You block the worker ant's attack.
You slice the ogre!!
The ogre is almost dead.
You closely miss the worker ant.
You feel sick. You block the worker ant's attack. The ogre barely misses you.
You closely miss the ogre.
The ogre is almost dead.
You hit Drak's ghost. You slash the worker ant!
You block the worker ant's attack.
Drak's ghost hits you but does no damage.
The ogre hits you with a giant spiked club!
* * * LOW HITPOINT WARNING * * *
The worker ant bites you but does no damage.
You slice the worker ant!!
You kill the worker ant!
You slash Drak's ghost!
You feel sick. Drak's ghost hits you!
You die...

#######'#####......# #..........
#.........#.+......# #..........
#........[#.#......####..(..#....
#.........#......................
#.........#...............#.∩.##.
#.........#...............#...##.
####........................#.##.
# ##............†...............
# #...........@WO..............
+............................ #
#.....#................##.... #
#.....#.#+#.#+...............
####......#.# #.#+....##.........
.......... .. #.#+...............
.......... #..................
##<####.. ...................
#....# .......#####.


You could see an ogre and Drak's ghost.

Vanquished Creatures
  2 bullfrogs (Sewer)
  2 scorpions
  Crazy Yiuf (D:2)
  Terence (D:2)
  A worker ant (D:4)
  Robin (D:2)
  A howler monkey skeleton (D:4)
  12 adders
  5 river rats (Sewer)
  An ooze (D:2)
  A worm (D:3)
  2 dart slugs
  4 leopard geckos
  3 orcs (D:3)
  4 bats
  4 giant cockroaches
  7 goblins
  9 hobgoblins
  A quokka (D:3)
  9 ball pythons
  4 frilled lizards
  6 kobolds
  27 rats
108 creatures vanquished.

Notes
Turn   | Place    | Note
-------+----------+-------------------------------------------
     0 | D:1      | diana the Minotaur Fighter began the quest for the Orb.
     0 | D:1      | Reached XP level 1. HP: 19/19 MP: 0/0
   174 | D:1      | Reached XP level 2. HP: 27/27 MP: 1/1
   240 | D:1      | Reached skill level 3 in Axes
   403 | D:2      | Noticed Terence
   407 | D:2      | Killed Terence
   407 | D:2      | Reached XP level 3. HP: 28/33 MP: 2/2
   485 | D:2      | Found a runed door.
   823 | D:2      | Reached XP level 4. HP: 40/40 MP: 3/3
   911 | D:2      | Reached skill level 4 in Axes
   993 | D:2      | Noticed Robin
  1004 | D:2      | Killed Robin
  1004 | D:2      | Reached XP level 5. HP: 22/47 MP: 4/4
  1376 | D:2      | Noticed Crazy Yiuf
  1381 | D:2      | Killed Crazy Yiuf
  1701 | D:3      | Found a glowing drain.
  1713 | Sewer    | Entered a sewer
  1782 | Sewer    | Reached skill level 5 in Axes
  2014 | Sewer    | Reached XP level 6. HP: 54/55 MP: 5/5
  2096 | Sewer    | Reached skill level 5 in Armour
  2281 | Sewer    | Reached skill level 5 in Fighting
  2281 | Sewer    | Reached skill level 5 in Shields
  2630 | D:3      | Reached skill level 6 in Axes
  2942 | D:4      | Reached XP level 7. HP: 43/61 MP: 6/6
  2958 | D:4      | Found Buhin's Antique Weapon Shoppe.
  3104 | D:4      | Noticed Drak's ghost (amateur GnSk)
  3139 | D:4      | Mangled by Drak's ghost

Skill      XL: |  1  2  3  4  5  6 |
---------------+-------------------+-----
Axes           | 3 4 5 6 |  6.2
Fighting       | 4 5 |  5.4
Armour         | 4 5 |  5.4
Shields        | 4 5 |  5.4

Action                   |  1- 3 |  4- 6 |  7- 9 || total
-------------------------+-------+-------+-------++-------
Melee: War axe           |    46 |   157 |     4 ||   207
       Headbutt          |     9 |    23 |       ||    32
  Use: Potion            |       |       |     1 ||     1
  Eat: Ration            |       |     1 |       ||     1
       Chunk             |       |     3 |       ||     3
Armor: Scale mail        |    20 |    76 |     5 ||   101
Dodge: Dodged            |    11 |    69 |     2 ||    82
Block: Shield            |    25 |    94 |     8 ||   127
